 Dungeon Crawl Stone Soup version 0.23.2-1-ga50397a (webtiles) character file.

Game seed: 8305198174080806586

1708 forest the Covert (level 8, -6/40 HPs)
             Began as a Spriggan Assassin on May 31, 2019.
             Was an Initiate of Dithmenos.
             Killed by divine providence
             ... invoked by an orc priest
              (9 damage)
             ... on level 7 of the Dungeon.
             The game lasted 00:29:58 (9739 turns).

forest the Covert (Spriggan Assassin)               Turns: 9739, Time: 00:29:59

Health: -6/40      AC:  3    Str:  8    XL:     8   Next: 73%
Magic:  9/9        EV: 22    Int: 13    God:    Dithmenos [......]
Gold:   235        SH:  0    Dex: 18    Spells: 7/7 levels left

rFire    . . .     SeeInvis +   t - +1 short sword (flame)
rCold    . . .     Gourm    .   (shield restricted)
rNeg     . . .     Faith    .   c - +0 robe
rPois    +         Spirit   .   (helmet restricted)
rElec    .         Reflect  .   d - +0 cloak
rCorr    .         Harm     .   (gloves unavailable)
MR       ++...                  (boots unavailable)
Stlth    ++++......             w - amulet of regeneration
HPRegen  0.53/turn              k - ring of poison resistance
MPRegen  0.11/turn              m - ring of protection from magic

@: very quick
A: very small, unfitting armour, see invisible, herbivore, speed 3, slow
metabolism 2
a: Renounce Religion


You were on level 7 of the Dungeon.
You worshipped Dithmenos.
Dithmenos was noncommittal.
You were not hungry.

You visited 2 branches of the dungeon, and saw 8 of its levels.

You collected 391 gold pieces.
You spent 156 gold pieces at shops.

Inventory:

Hand Weapons
 a - a +2 dagger
 b - a +1 blowgun
 o - a +0 rapier
 t - a +1 short sword of flaming (weapon)
Missiles
 e - 10 poisoned needles
 f - 2 curare-tipped needles
 i - 181 stones
 j - 29 sling bullets
 z - 4 tomahawks (quivered)
Armour
 c - a +0 robe (worn)
 d - a +0 cloak (worn)
Jewellery
 k - a ring of poison resistance (left hand)
 m - a ring of protection from magic (right hand)
 p - a +2 amulet of reflection
 w - an amulet of regeneration (around neck)
 x - an uncursed ring of resist corrosion {unknown}
Wands
 r - a wand of paralysis (3)
Scrolls
 h - 2 scrolls of remove curse
 q - a scroll of enchant weapon
 y - a scroll of magic mapping
Potions
 l - a potion of haste
 n - a potion of degeneration
 s - a potion of resistance {unknown}
 u - 2 potions of brilliance {unknown}
 v - a potion of heal wounds
Comestibles
 g - 12 rations


   Skills:
 + Level 3.4 Fighting
 + Level 6.8 Short Blades
 + Level 6.1 Throwing
 + Level 5.9 Dodging
 + Level 9.7 Stealth


You had 7 spell levels left.
You didn't know any spells.
Your spell library was empty.

Dungeon Overview and Level Annotations

Branches:
Dungeon (7/15)             Temple (1/1) D:6

Altars:
Ashenzari
Cheibriados
Dithmenos
Elyvilon
Fedhas
Hepliaklqana
Kikubaaqudgha
Makhleb
Nemelex Xobeh
Okawaru
Qazlal
Ru
Sif Muna
Trog
Uskayaw
Vehumet
Wu Jian
Xom
Yredelemnul
Zin

Shops:
D:4 *=:*%

Annotations:
D:5 Blork the orc, Dowan, Duvessa


Innate Abilities, Weirdness & Mutations

You are very small and have problems with some larger weapons.
You are too small for most types of armour.
You have supernaturally acute eyesight. (SInv)
You are a herbivore.
You cover ground extremely quickly.
You need to consume almost no food.


Message History

The orc warrior is moderately wounded.
The orc warrior barely misses you.
You hit the orc warrior but do no damage.
The orc warrior is moderately wounded.
The orc warrior completely misses you.
You hit the orc warrior but do no damage.
The orc warrior is moderately wounded.
You barely miss the orc warrior.
The orc warrior is moderately wounded.
The orc warrior hits you with a +0 trident!!
Ouch! That really hurt!
* * * LOW HITPOINT WARNING * * *
You hit the orc warrior. You burn the orc warrior.
The orc warrior is moderately wounded.
The orc warrior barely misses you.
The orc warrior hits you from afar with a +0 trident!
* * * LOW HITPOINT WARNING * * *
The orc priest mumbles some strange prayers to Beogh against you.
Beogh smites you!
You die...

# ##### ##.#.#.# ##≈≈≈≈≈≈###
#_.....h+.#
##≈≈≈≈≈≈#.############
.#.#.#.##††..........#
.###########....@....############
..........##.........#..........#
........#....o....).....<.......#
#.##########..####..##..........#
#.# #.†o).## ##.##...<......# ..#
#.##### #.##.....)....# .## ###.#
#..#..........# .# #?..###
##..##.######## .# #.....###
##.#..#


You could see an orc warrior and an orc priest.

Vanquished Creatures
  Sigmund (D:5)
  A sky beast (D:6)
  A phantom (D:6)
  A black bear (D:6)
  3 ogres
  A centaur (D:7)
  2 scorpions
  A bullfrog zombie (D:5)
  A quasit (D:7)
  A crimson imp (D:5)
  2 jellies
  A centaur zombie (D:3)
  Crazy Yiuf (D:4)
  A centaur skeleton (D:4)
  5 hounds
  2 orc priests
  Terence (D:3)
  2 orc wizards
  3 worker ants
  Ijyb (D:3)
  Robin (D:4)
  6 adders
  A shadow imp (D:7)
  2 oozes
  An adder skeleton (D:7)
  An adder zombie (D:5)
  3 worms
  A dart slug (D:4)
  4 leopard geckos
  18 orcs
  A ball python (D:4)
  3 giant cockroaches
  18 goblins
  9 hobgoblins
  4 jackals (D:5)
  3 quokkas
  5 bats
  7 frilled lizards
  2 jackal skeletons
  8 kobolds
  A leopard gecko skeleton (D:4)
  6 rats
137 creatures vanquished.

Notes
Turn   | Place    | Note
-------+----------+-------------------------------------------
     0 | D:1      | forest the Spriggan Assassin began the quest for the Orb.
     0 | D:1      | Reached XP level 1. HP: 10/10 MP: 2/2
    49 | D:1      | Reached skill level 6 in Stealth
   709 | D:1      | Reached XP level 2. HP: 14/14 MP: 3/3
  1279 | D:2      | Reached skill level 7 in Stealth
  1279 | D:2      | Reached XP level 3. HP: 16/18 MP: 4/4
  1502 | D:2      | Found a shimmering altar of Xom.
  2376 | D:3      | Reached XP level 4. HP: 13/23 MP: 5/5
  2670 | D:3      | Noticed Ijyb
  2769 | D:3      | Reached XP level 5. HP: 11/26 MP: 6/6
  3407 | D:3      | Paralysed by Ijyb for 4 turns
  3410 | D:3      | Killed Ijyb
  3584 | D:3      | Noticed Terence
  3646 | D:3      | Killed Terence
  3861 | D:4      | Found Uxkiog's Assorted Antiques.
  3864 | D:4      | Noticed Robin
  3876 | D:4      | Noticed an ogre
  3978 | D:4      | Reached XP level 6. HP: 30/31 MP: 7/7
  4208 | D:4      | Reached skill level 8 in Stealth
  4264 | D:4      | Killed Robin
  4566 | D:4      | Found Tosenete's Food Boutique.
  4572 | D:4      | Bought a glowing short sword for 156 gold pieces
  4619 | D:4      | Found Ifeinkam's Book Emporium.
  4739 | D:4      | Found Barghah's Jewellery Emporium.
  4797 | D:4      | Reached skill level 5 in Short Blades
  4947 | D:4      | Reached XP level 7. HP: 23/35 MP: 8/8
  4999 | D:4      | Found Geloq's Assorted Antiques.
  5121 | D:4      | Found a runed translucent door.
  5122 | D:4      | Noticed Crazy Yiuf
  5129 | D:4      | Killed Crazy Yiuf
  5211 | D:5      | Entered Level 5 of the Dungeon
  5666 | D:5      | Noticed Sigmund
  5669 | D:5      | Noticed Blork the orc
  5670 | D:5      | Killed Sigmund
  5674 | D:5      | Noticed Duvessa
  5674 | D:5      | Noticed Dowan
  5799 | D:5      | Found a burning altar of Makhleb.
  5799 | D:5      | Noticed a cacodemon
  7341 | D:6      | Reached skill level 5 in Dodging
  7341 | D:6      | Reached XP level 8. HP: 39/40 MP: 9/9
  7380 | D:6      | Reached skill level 9 in Stealth
  8219 | D:6      | Reached skill level 5 in Throwing
  8632 | D:6      | Found a staircase to the Ecumenical Temple.
  8639 | Temple   | Entered the Ecumenical Temple
  8930 | D:6      | Found a glowing silver altar of Zin.
  8932 | D:6      | Found a sacrificial altar of Ru.
  8938 | D:6      | Found a shadowy altar of Dithmenos.
  8946 | D:6      | Became a worshipper of Dithmenos the Shadowed
  9557 | D:7      | Found an iron altar of Okawaru.
  9739 | D:7      | Killed from afar by an orc priest

Skill      XL: |  1  2  3  4  5  6  7  8 |
---------------+-------------------------+-----
Stealth        | 6 7 8 9 |  9.7
Dodging        | 2 3 4 5 |  5.9
Short Blades   | 3 4 5 6 |  6.8
Fighting       | 2 3 |  3.4
Throwing       | 3 4 6 |  6.1

Action                   |  1- 3 |  4- 6 |  7- 9 || total
-------------------------+-------+-------+-------++-------
Melee: Dagger            |   132 |       |       ||   132
       Rapier            |       |   135 |     1 ||   136
       Short sword       |       |    62 |   225 ||   287
 Fire: Blowgun           |     3 |    36 |    28 ||    67
Throw: Stone             |       |     5 |    58 ||    63
       Throwing net      |       |     1 |       ||     1
       Tomahawk          |       |       |    42 ||    42
  Use: Potion            |     5 |     2 |       ||     7
       Scroll            |     5 |     2 |     2 ||     9
 Stab: Sleeping          |    11 |     2 |    17 ||    30
       Distracted        |     1 |       |     1 ||     2
  Eat: Ration            |       |     1 |     3 ||     4
Armor: Robe              |    19 |    20 |    20 ||    59
       Skin              |       |     4 |       ||     4
Dodge: Dodged            |    91 |   178 |   224 ||   493
Block: Other             |       |    10 |     8 ||    18
